 Dungeon Crawl Stone Soup version 0.30.1-11-g7821555f0a (webtiles) character file.

Game seed: 13025012339958200918

30 safid the Grasshopper (level 3, -3/32 HPs)
             Began as an Armataur Warper on Dec 14, 2023.
             Slain by Sigmund
             ... wielding a +0 scythe
              (9 damage)
             ... on level 2 of the Dungeon.
             The game lasted 00:01:13 (683 turns).

safid the Grasshopper (Armataur Warper)              Turns: 683, Time: 00:01:13

Health: -3/32      AC:  6    Str: 18    XL:     3   Next: 3%
Magic:  6/6        EV:  9    Int: 13    God:
Gold:   11         SH:  0    Dex:  9    Spells: 6/6 levels left

rFire   . . .        i - +0 whip (venom)
rCold   . . .        (no shield)
rNeg    . . .        b - +0 leather armour
rPois   .            j - +0 helmet
rElec   .            e - +0 cloak
rCorr   .            (no gloves)
SInv    .            (no barding)
Will    .....        (no amulet) Stlth
                     (no ring)
HPRegen 0.25/turn    (no ring)
MPRegen 0.10/turn

%: roll
@: confused
A: large, rugged brown scales 3, deformed body, armoured tail, roll, long
tongue, awkward tongue
a: no special abilities


You were on level 2 of the Dungeon.
You visited 1 branch of the dungeon, and saw 2 of its levels.

You collected 11 gold pieces.

Inventory:

Hand Weapons
 a - a +0 falchion
 i - a +0 whip of venom (weapon)
Missiles
 d - 7 boomerangs of dispersal (quivered)
 k - 4 boomerangs
Armour
 b - a +0 leather armour (worn)
 e - a +0 cloak (worn)
 j - a +0 helmet (worn)
Scrolls
 c - a scroll of blinking
 h - 2 scrolls of identify {unknown}
Potions
 f - 3 potions of curing {unknown}
 g - a potion of attraction {unknown}


   Skills:
 + Level 2.3 Fighting
 - Level 1.7 Long Blades
 - Level 0.8 Throwing
 - Level 1.2 Armour
 - Level 1.3 Dodging
 + Level 2.2 Spellcasting
 + Level 3.4 Translocations


You had 6 spell levels left.
You didn't know any spells.
Your spell library contained the following spells:

 Spells                   Type           Power      Damage    Failure   Level
 Blink                    Tloc           20%        N/A       11%         2
 Lesser Beckoning         Tloc           20%        N/A       11%         2
 Teleport Other           Tloc           10%        N/A       22%         3
 Vhi's Electric Charge    Tloc/Air       10%        N/A       41%         3
 Manifold Assault         Tloc           10%        N/A       56%         4


Dungeon Overview and Level Annotations

Branches:
Dungeon (2/15)

Altars:

Annotations:
D:2 Sigmund


Innate Abilities, Weirdness & Mutations

You are completely covered in rugged brown scales. (AC +3, +7% HP)
Armour fits poorly on your strangely shaped body.
You have a long armoured tail.
You roll when moving toward enemies. (Rampage)
Your long tongue fully drains potion bottles. (2x potion effects)
Your tongue gives you trouble enunciating. (1.5x scroll delay)


Message History

The bat hits you but does no damage.
You hit the adder but do no damage.
The adder is poisoned.
The bat hits you but does no damage. The adder completely misses you.
The ball python bites you. The adder bites you but does no damage.
You hit the adder.
The adder looks as sick as possible!
The adder is moderately wounded.
The ball python barely misses you. The rat bites you but does no damage.
The adder bites you. The ball python closely misses you.
You closely miss the adder.
The adder is severely wounded.
You kill the adder!
The bat barely misses you. The rat bites you. The endoplasm freezes you.
You are frozen.
Something hits you. The ball python closely misses you.
You have reached level 3!
Your experience leads to an increase in your attributes!
Increase (S)trength, (I)ntelligence, or (D)exterity?
You feel stronger. x2
The rat attacks as you move away! The rat bites you.
The endoplasm closely misses you. The ball python barely misses you.
You hear some strange, mumbled words.
You are confused.
The bat hits you but does no damage. Something hits you.
* * * LOW HITPOINT WARNING * * *
The ball python attacks as you move away!
The ball python closely misses you. The bat attacks as you move away!
The bat hits you but does no damage.
Found 14 gold pieces.
The bat hits you but does no damage. The bat hits you.
* * * LOW HITPOINT WARNING * * *
The bat attacks as you move away! The bat hits you but does no damage.
The bat barely misses you.
Unknown command.
You're too confused to move!
The ball python bites you.
* * * LOW HITPOINT WARNING * * *
The endoplasm freezes you.
You are frozen.
* * * LOW HITPOINT WARNING * * *
Something hits you!
You die...

#. .. #. .... #. #.
....## #.### ... #
..... ... ###.#. ..
#...###.#####......
.8. #......#..........
[(..#..w.S@..<........
!(8......rJ...........
$#..................
#...b..w...........
#...................
.........†............
.....>>.....).........
.####.............####
##.!...#.....##


You could see 2 worms, an endoplasm, a bat, a ball python and a rat.

Vanquished Creatures
  An adder (D:2)
  A bat (D:2)
  2 endoplasms (D:1)
  A giant cockroach (D:1)
  3 goblins
  3 hobgoblins (D:1)
  2 jackals (D:1)
  A ball python (D:1)
  A frilled lizard (D:1)
  2 kobolds (D:1)
  2 rats (D:1)
19 creatures vanquished.

Notes
Turn   | Place    | Note
-------+----------+-------------------------------------------
     0 | D:1      | safid the Armataur Warper began the quest for the Orb.
     0 | D:1      | Reached XP level 1. HP: 18/18 MP: 3/3
   176 | D:1      | Reached XP level 2. HP: 25/25 MP: 5/5
   673 | D:2      | Noticed Sigmund
   680 | D:2      | Reached XP level 3. HP: 16/32 MP: 6/6
   683 | D:2      | Slain by Sigmund

Illustrated notes

Levels and vault maps discovered:
D:1:      psy_arrival_basics, layout_rooms
D:2:      layout_rooms, basic_altar, serial_shops, shop,
          corexii_item_surrounded_by_moat, minmay_pentomino_w4, uniq_sigmund

Skill      XL: |  1 |
---------------+----+-----
Fighting       | 2 |  2.3
Spellcasting   | 2 |  2.2
Long Blades    | |  1.7
Throwing       | |  0.8
Armour         | |  1.2
Dodging        | |  1.3
Translocations | |  3.4

Action                     || total
---------------------------++-------
  Melee: Falchion          ||    31
         Tailslap          ||     3
         Whip              ||    27
 Armour: Leather armour    ||    44
  Dodge: Dodged            ||    42
